 Dungeon Crawl Stone Soup version 0.18.1-48-g4cf74bf (webtiles) character file.

133 Gargoyl the Skirmisher (level 4, 0/37 HPs)
             Began as a Demonspawn Abyssal Knight on Aug 30, 2016.
             Was a Believer of Lugonu.
             Slain by an orc priest
             ... wielding a +1 mace of crushing
              (2 damage)
             ... on level 3 of the Dungeon.
             The game lasted 00:05:11 (2407 turns).

Gargoyl the Skirmisher (Demonspawn Abyssal Knight)  Turns: 2407, Time: 00:05:11

Health: 0/37       AC: 11    Str: 13    XL:     4   Next: 93%
Magic:  6/6        EV:  8    Int: 14    God:    Lugonu [**....]
Gold:   119        SH:  8    Dex: 12    Spells: 0 memorised, 3 levels left

rFire  . . .     SeeInvis .     a - +2 hand axe
rCold  . . .     Gourm    .     i - +0 ring mail (curse)
rNeg   . . .     Faith    .     d - +1 shield
rPois  +         Spirit   .     (no helmet)
rElec  .         Dismiss  .     (no cloak)
rCorr  .         Reflect  .     m - +1 pair of gloves
SustAt .         Harm     .     (no boots)
MR     .....                    (no amulet)
Stlth  +.........               o - +4 ring of protection
                                e - ring of poison resistance

@: flying, very slightly contaminated, hasted, very quick, not resistant to
hostile enchantments, very unstealthy
A: talons 1
a: Depart the Abyss, Bend Space, Renounce Religion


You were on level 3 of the Dungeon.
You worshipped Lugonu.
Lugonu was pleased with you.
You were not hungry.

You visited 1 branch of the dungeon, and saw 3 of its levels.
You visited the Abyss 1 time.

You collected 119 gold pieces.

Inventory:

Hand Weapons
 a - a +2 hand axe (weapon)
 h - a +0 spear
Armour
 d - a +1 shield (worn)
 i - a cursed +0 ring mail (worn)
 m - a +1 pair of gloves (worn)
Jewellery
 e - a ring of poison resistance (left hand)
 o - a +4 ring of protection (right hand)
Scrolls
 k - 2 scrolls of fear
 l - a scroll of teleportation
 n - 2 scrolls of amnesia
Comestibles
 c - a bread ration
 j - 3 slices of pizza


   Skills:
 + Level 4.2 Fighting
 + Level 2.3 Axes
 + Level 2.2 Armour
 + Level 2.0 Dodging
 + Level 0.2 Stealth
 + Level 0.6 Shields
 + Level 3.0 Invocations


You had 3 spell levels left.
You didn't know any spells.

Dungeon Overview and Level Annotations

Branches:
Dungeon (3/15)

Altars:
Yredelemnul


Innate Abilities, Weirdness & Mutations

You have sharp toenails.


Message History

A hobgoblin comes into view. It is wielding a club.
Drink which item? (? for menu, Esc to quit)
It was a potion of flight.
You feel very buoyant.
You fly up into the air.
The hobgoblin shouts!
The orc priest hits you but does no damage.
The orc hits you but does no damage.
Your shield prevents you from hitting the orc priest.
You claw the orc priest, but do no damage.
The orc priest is moderately wounded.
You hit the orc.
The orc is severely wounded.
You hit the orc priest.
The orc priest is lightly wounded.
You barely miss the orc.
The orc is moderately wounded.
The orc priest hits you with a mace of crushing.
* * * LOW HITPOINT WARNING * * *
You die...

. # ##. #. ..##
### ##.####...
..# ##..g#....
#.## #..>.....#
... .......o.#
#.#
o......o@####.#
#...##oo.)...#
# ##.#######
#...# #[..#
#...# #...#
#...#
#####...#######


You could see 2 orc priests, 2 orcs and a hobgoblin.

Vanquished Creatures
  An iron imp (Abyss:3)
  A gnoll (D:1)
  4 adders (D:2)
  A dart slug (D:1)
  2 giant geckos (D:1)
  An orc (D:3)
  8 bats
  5 giant cockroaches
  8 goblins
  5 hobgoblins
  5 jackals
  A giant newt (D:2)
  7 kobolds
  6 rats
55 creatures vanquished.

Notes
Turn   | Place    | Note
--------------------------------------------------------------
     0 | Abyss:1  | Gargoyl the Demonspawn Abyssal Knight began the quest for the Orb.
     0 | Abyss:1  | Reached XP level 1. HP: 18/18 MP: 2/2
    81 | Abyss:2  | Found a corrupted altar of Lugonu.
    91 | Abyss:3  | Noticed an iron imp
   105 | Abyss:3  | Killed an iron imp
   105 | Abyss:3  | Gained mutation: You have sharp toenails. [demonic ancestry]
   105 | Abyss:3  | Reached XP level 2. HP: 11/25 MP: 4/4
   119 | Abyss:3  | Noticed a profane servitor
   119 | D:1      | Escaped the Abyss
   121 | D:1      | Reached XP level 3. HP: 15/30 MP: 3/5
   154 | D:1      | Reached * piety under Lugonu
   182 | D:1      | HP: 1/30 [gnoll/club (5)]
   185 | D:1      | Reached skill level 4 in Fighting
   593 | D:1      | Reached skill level 1 in Dodging
   802 | D:1      | Reached XP level 4. HP: 24/37 MP: 6/6
  1460 | D:2      | Found a basalt altar of Yredelemnul.
  1599 | D:2      | Reached ** piety under Lugonu
  2407 | D:3      | Slain by an orc priest

Skill      XL: |  1  2  3  4 |
---------------+-------------+-----
Axes           | 2 |  2.3
Fighting       | 4 |  4.2
Dodging        | 1 2 |  2.0
Invocations    | 3 |  3.0
Armour         | 2 |  2.2
Stealth        | |  0.2
Shields        | |  0.6

Action                   |  1- 3 |  4- 6 || total
-------------------------+-------+-------++-------
Melee: Hand axe          |    88 |   121 ||   209
       Kick              |    15 |    16 ||    31
Invok: Depart the Abyss  |     1 |       ||     1
  Use: Scroll            |     3 |     5 ||     8
       Potion            |       |     2 ||     2
  Eat: Chunk             |       |     5 ||     5
Armor: Leather armour    |     7 |       ||     7
       Ring mail         |    26 |    70 ||    96
Dodge: Dodged            |    63 |    45 ||   108
Block: Shield            |    34 |    55 ||    89
